 Dungeon Crawl Stone Soup version 0.26-a0-466-g989023bd0d (webtiles) character file.

Game seed: 2357395161565822851

125906 graki42 the Jinx (level 16, -10/77 HPs)
             Began as a Spriggan Conjurer on Aug 5, 2020.
             Was a High Priest of Sif Muna.
             Killed by an exploding fulminant prism (33 damage)
             ... created by the player character
             ... on level 2 of the Snake Pit.
             The game lasted 04:15:49 (33894 turns).

graki42 the Jinx (Spriggan Conjurer)               Turns: 33894, Time: 04:15:50

Health: -10/77     AC: 10    Str:  2    XL:     16   Next: 42%
Magic:  4/43       EV: 31    Int: 43    God:    Sif Muna [*****.]
Gold:   3174       SH:  0    Dex: 15    Spells: 6/39 levels left

rFire    + . .     SeeInvis +   b - +12 arbalest of Amenguam {venom, rPois rC+++ Str-5 Int+4}
rCold    + + +     Faith    .   (shield currently unavailable)
rNeg     . . .     Spirit   .   g - +2 robe {rC+ rF+}
rPois    +         Reflect  .   Q - +3 hat of Pondering {ponderous, MR+ MP+10 Int+5}
rElec    +         Harm     .   y - +2 cloak {MR+}
rCorr    .                      (gloves unavailable)
MR       ++++.                  (boots unavailable)
Stlth    +++++.....             I - amulet of the Air {Inacc +Fly rElec EV+5 RMsl}
HPRegen  0.22/turn              C - +6 ring of intelligence
MPRegen  0.28/turn              z - +6 ring of intelligence

@: repel missiles, very quick
A: very small, unfitting armour, see invisible, speed 3
a: Channel Magic, Forget Spell, Divine Exegesis, Renounce Religion, Evoke Flight


You were on level 2 of the Snake Pit.
You worshipped Sif Muna.
Sif Muna was extremely pleased with you.
You visited 5 branches of the dungeon, and saw 22 of its levels.
You also visited: Bailey and Volcano.

You collected 3174 gold pieces.

Inventory:

Hand Weapons
 b - the +12 arbalest of Amenguam (weapon) {venom, rPois rC+++ Str-5 Int+4}
   (You took it off a gnoll in a bailey)

   It poisons the ammo it fires.
   It affects your strength (-5).
   It affects your intelligence (+4).
   It renders you almost immune to cold.
   It protects you from poison.
 f - a +4 dagger of speed
 h - a +3 rapier of electrocution
 W - the +3 trident of Welfare {freeze, rC+++ Int+4 Dex+3}
   (You found it on level 6 of the Lair of Beasts)

   It has been specially enchanted to freeze those struck by it, causing extra
   injury to most foes and up to half again as much damage against particularly
   susceptible opponents.
   It can also slow down cold-blooded creatures.
   It affects your intelligence (+4).
   It affects your dexterity (+3).
   It renders you almost immune to cold.
Missiles
 a - 10 throwing nets (quivered)
Armour
 g - a +2 robe of resistance (worn)
 y - a +2 cloak of magic resistance (worn)
 P - +0 steam dragon scales
 Q - the +3 hat of Pondering (worn) {ponderous, MR+ MP+10 Int+5}
   (You took it off Gastronok on level 2 of the Lair of Beasts)

   It affects your intelligence (+5).
   It affects your resistance to hostile enchantments.
   It affects your magic capacity (+10).
Jewellery
 z - a +6 ring of intelligence (right hand)
 C - a +6 ring of intelligence (left hand)
 I - the amulet of the Air (around neck) {Inacc +Fly rElec EV+5 RMsl}
   (You found it on level 11 of the Dungeon)

   [amulet of inaccuracy]

   It reduces the accuracy of all your attacks.
   It affects your evasion (+5).
   It insulates you from electricity.
   It lets you fly.
   It protects you from missiles.
 J - the ring of the Final Chapter {rElec rC++ rN+ Str+2 Int-5}
   (You acquired it on level 4 of the Lair of Beasts)

   [ring of positive energy]

   It affects your strength (+2).
   It affects your intelligence (-5).
   It greatly protects you from cold.
   It insulates you from electricity.
   It protects you from negative energy.
 O - an uncursed ring of resist corrosion
 T - an uncursed ring of fire
Wands
 e - a wand of flame (12)
Scrolls
 c - 14 scrolls of remove curse
 d - 8 scrolls of teleportation
 o - a scroll of immolation
 p - 2 scrolls of fear
 x - 2 scrolls of vulnerability
 K - 2 scrolls of fog
Potions
 i - 2 potions of mutation
 k - 3 potions of heal wounds
 n - 2 potions of haste
 u - 8 potions of curing
 v - a potion of cancellation
 B - a potion of stabbing
 D - 3 potions of brilliance
 V - 2 potions of resistance


   Skills:
 - Level 5.6 Fighting
 - Level 10.0 Short Blades
 + Level 10.8 Dodging
 + Level 11.6 Stealth
 + Level 12.4 Spellcasting
 * Level 11.4 Conjurations
 * Level 14.2 Hexes
 - Level 5.0 Translocations
 + Level 4.6 Fire Magic
 - Level 3.0 Air Magic
 - Level 3.0 Poison Magic
 + Level 8.9 Invocations


You had 6 spell levels left.
You knew the following spells:

 Your Spells              Type           Power        Failure   Level
a - Magic Dart            Conj           ####         0%          1
b - Searing Ray           Conj           ######       0%          2
c - Dazzling Flash        Conj/Hex       ######       1%          3
d - Fulminant Prism       Conj/Hex       #######...   1%          4
e - Conjure Flame         Conj/Fire      #######.     1%          3
f - Inner Flame           Hex/Fire       #######.     1%          3
g - Iskenderun's Battles  Conj           #######.     1%          5
h - Mephitic Cloud        Conj/Pois/Air  ######..     1%          3
i - Iskenderun's Mystic   Conj/Tloc      #######.     1%          4
j - Fireball              Conj/Fire      #######...   1%          5

Your spell library contained the following spells:

 Spells                   Type           Power        Failure   Level
 Animate Skeleton         Necr           ####..       1%          1
 Foxfire                  Conj/Fire      ####         1%          1
 Pain                     Necr           ####         1%          1
 Shock                    Conj/Air       ####         1%          1
 Sting                    Tmut/Pois      ####         1%          1
 Passwall                 Tmut/Erth      ####....     1%          2
 Poisonous Vapours        Pois/Air       ######       1%          2
 Ignite Poison            Fire/Tmut/Pois #####...     1%          3
 Leda's Liquefaction      Hex/Erth       ######....   1%          4
 Sticky Flame             Conj/Fire      #######.     1%          4
 Vampiric Draining        Necr           ####......   3%          3
 Olgreb's Toxic Radiance  Pois           ######..     3%          4
 Bolt of Magma            Conj/Fire/Erth ######....   3%          5
 Animate Dead             Necr           ####......   11%         4
 Iron Shot                Conj/Erth      ######....   16%         6
 Agony                    Necr           ####....     30%         5
 Excruciating Wounds      Necr           ####......   30%         5
 Eringya's Noxious Bog    Tmut/Pois      #####.....   67%         6
 Death Channel            Necr           ####......   86%         6
 Statue Form              Tmut/Erth      ####.....    86%         6
 Orb of Destruction       Conj           #######...   9%          7
 Spellforged Servitor     Conj/Summ      ######....   65%         7
 Ignition                 Fire           ######....   100%        8
 Shatter                  Erth           ####......   100%        9


Dungeon Overview and Level Annotations

Branches:
Dungeon (11/15)            Temple (1/1) D:7            Lair (6/6) D:11
 Shoals (0/4) Lair:4        Snake (1/4) Lair:4        Slime (0/5) Lair:5
    Orc (2/2) D:10            Elf (0/3) Orc:2        Bailey (visited)
Volcano (visited)

Altars:
Ashenzari
Cheibriados
Dithmenos
Elyvilon
Fedhas
Gozag
Hepliaklqana
Kikubaaqudgha
Makhleb
Nemelex Xobeh
Okawaru
Qazlal
Ru
Sif Muna
Trog
Uskayaw
Vehumet
Wu Jian
Xom
Yredelemnul
Zin
The Shining One
Beogh
Jiyva

Shops:
D:4 (   D:7 !}(   D:9 (   Orc:2 (*([

Annotations:
D:7 2 transporters
Lair:5 2 transporters, Bodu's ghost, journeyman NaFi
Snake:2 Azrael; Vashnia


Innate Abilities, Weirdness & Mutations

You are very small and have problems with some larger weapons.
You are too small for most types of armour.
You have supernaturally acute eyesight. (SInv)
You cover ground extremely quickly.


Message History

The fire elemental completely resists.
The fireball engulfs your battlesphere.
Your battlesphere resists.
Your battlesphere is destroyed!
Casting: Magic Dart (safe; 0% risk of failure)
Confirm with . or Enter, or press ? or * to list all spells.
Press: ? - help, Dir - move target cursor, p - fire elemental You conjure a prism of explosive energy!
A fulminant prism comes into view.
Azrael gestures at you.
The sphere of damnation explodes!
The damnation engulfs you!!
* * * LOW HITPOINT WARNING * * *
The damnation engulfs the fire elemental!!
The fire elemental is destroyed!
The damnation engulfs your fulminant prism!!
As you read the scroll of fog, it crumbles to dust.
The scroll dissolves into smoke.
Your fulminant prism crackles loudly.
Your fulminant prism explodes!
The blast of energy engulfs you!!
You die...

##### #######...# *** #...##....#
,,####* #...##....# **#****
,,....#####)..##§§§###### *.#,,,,
,,###.....)[...§§§§§....###.#,,,,
,,........######@§§§°##.(...#..,,
**######..# ###§§○○R°(.....#,,
##### #..# #.§§##....○#..,,
|...####..# ######.###..#*>,
###)..)(..# ####* #(#,,,...,,
######..# *###...###)#,,,,..,,
*****#.## *........))#,,,,*.,, #
*,,,*### *.........#.......,,
##*,,,* *...###)..#.#.....,,


There were no monsters in sight!

Vanquished Creatures
  Nikola (Snake:2)
  2 acid blobs (Lair:5)
  Gastronok (Lair:2)
  Donald (Snake:1)
  An orc warlord (Orc:2)
  A stone giant (Orc:2)
  Josephine (Lair:5)
  A naga warrior (Snake:2)
  Harold (Orc:1)
  5 hydras
  A merfolk avatar (Lair:6)
  3 two-headed ogres
  2 death yaks (Lair:4)
  3 orc high priests (Orc:2)
  A shock serpent (Snake:2)
  3 naga sharpshooters
  Sonja (Orc:1)
  A sea snake (Lair:6)
  An unseen horror (shapeshifter) (D:8)
  A wizard (D:11)
  2 naga ritualists (Snake:1)
  6 orc knights
  A mana viper (Snake:1)
  5 orc sorcerers
  4 salamanders
  Pikel (D:7)
  3 oklob plants (Lair:5)
  2 manticores (Lair:4)
  A cyclops (D:11)
  Joseph (D:10)
  10 black mambas
  A guardian serpent (Snake:2)
  12 elephants
  3 naga magi
  A gargoyle (D:11)
  2 torpor snails (Lair:4)
  10 rime drakes
  13 cane toads
  7 komodo dragons
  An efreet (Volcano)
  3 meliai (Lair:4)
  A queen bee (Lair:4)
  A wind drake (Lair:6)
  3 hornets
  9 polar bears
  4 trolls
  16 blink frogs
  4 hippogriffs
  12 dream sheep
  7 small abominations (D:11)
  Sigmund (D:3)
  5 wraiths (Lair:5)
  7 wyverns
  4 large abominations (D:11)
  3 basilisks
  12 yaks
  8 fire elementals
  8 wargs
  9 nagas
  16 water moccasins
  4 hell hounds
  15 porcupines
  2 black bears (D:11)
  29 orc warriors
  4 sky beasts
  19 ogres
  An ice beast (D:10)
  2 necrophages
  A phantom (D:8)
  An eye of draining (D:8)
  A wolf (Lair:4)
  3 centaurs
  22 crocodiles
  3 big kobolds
  20 bullfrogs
  8 gnoll sergeants (Bailey)
  2 scorpions
  35 killer bees
  11 wights
  A howler monkey (D:5)
  2 centaur zombies
  3 jellies
  18 orc priests
  5 hounds
  26 orc wizards
  2 bullfrog skeletons
  3 centaur skeletons
  6 gnoll shamans (Bailey)
  Ijyb (D:4)
  6 iguanas
  Natasha (twice) (D:4)
  6 worker ants
  A hell rat (Lair:4)
  A hound skeleton (D:9)
  7 adders
  17 gnolls
  3 white imps
  4 ufetubi
  2 oozes (D:4)
  An adder zombie (D:7)
  An adder skeleton (D:7)
  3 worms (D:2)
  3 dart slugs
  5 leopard geckos
  69 orcs
  A ball python (D:8)
  4 giant cockroaches
  6 goblins
  4 hobgoblins
  3 jackals (D:3)
  6 quokkas
  5 bats
  5 frilled lizards
  A giant cockroach zombie (D:5)
  16 kobolds
  A leopard gecko skeleton (D:4)
  2 quokka zombies (D:8)
  6 rats
  7 fungi
  11 plants
710 creatures vanquished.

Vanquished Creatures (others)
  A fire elemental (Snake:2)
  An orc priest (Orc:2)
  An orc wizard (D:4)
  A bush (Lair:6)
  169 fulminant prisms
  82 fungi
  64 plants
319 creatures vanquished.

Grand Total: 1029 creatures vanquished

Notes
Turn   | Place    | Note
-------+----------+-------------------------------------------
     0 | D:1      | graki42 the Spriggan Conjurer began the quest for the Orb.
     0 | D:1      | Reached XP level 1. HP: 9/9 MP: 5/5
   324 | D:1      | Reached XP level 2. HP: 13/13 MP: 5/7
   371 | D:1      | Learned a level 2 spell: Searing Ray
   984 | D:2      | Reached XP level 3. HP: 13/16 MP: 2/9
  1947 | D:3      | Learned a level 3 spell: Dazzling Flash
  2329 | D:3      | Noticed Sigmund
  2508 | D:3      | Reached skill level 1 in Hexes
  2508 | D:3      | Reached XP level 4. HP: 21/21 MP: 2/11
  2826 | D:3      | Reached skill level 2 in Hexes
  3259 | D:3      | HP: 1/21 [Sigmund/+2 scythe of venom (13)]
  3281 | D:3      | Killed Sigmund
  3281 | D:3      | Reached skill level 5 in Spellcasting
  3281 | D:3      | Reached skill level 4 in Hexes
  3281 | D:3      | Reached XP level 5. HP: 11/24 MP: 4/13
  3281 | D:3      | Reached XP level 6. HP: 13/28 MP: 4/14
  3622 | D:4      | Found Tewnypp's Weapon Emporium.
  3738 | D:4      | Noticed Natasha
  3756 | D:4      | Killed Natasha
  4229 | D:4      | Noticed Ijyb
  4237 | D:4      | Killed Ijyb
  4335 | D:4      | Noticed Natasha
  4338 | D:4      | Killed Natasha
  4338 | D:4      | Reached skill level 5 in Hexes
  4760 | D:4      | Found a hide-covered altar of Uskayaw.
  4777 | D:4      | Found a shattered altar of Ashenzari.
  4778 | D:4      | Found a snail-covered altar of Cheibriados.
  4778 | D:4      | Found a sacrificial altar of Ru.
  4898 | D:5      | Entered Level 5 of the Dungeon
  4903 | D:5      | Reached XP level 7. HP: 32/32 MP: 12/16
  5830 | D:6      | Reached skill level 5 in Conjurations
  5831 | D:6      | Reached skill level 6 in Hexes
  6179 | D:6      | Found a radiant altar of Vehumet.
  6486 | D:6      | Reached XP level 8. HP: 36/36 MP: 13/18
  6988 | D:7      | Learned a level 4 spell: Fulminant Prism
  7015 | D:7      | Found Uskoix's Distillery.
  7043 | D:7      | Noticed Pikel
  7050 | D:7      | Killed Pikel
  7158 | D:7      | Found an opulent altar of Gozag.
  7158 | D:7      | Found a blossoming altar of Fedhas.
  7158 | D:7      | Found a burning altar of Makhleb.
  7162 | D:7      | Noticed a purple ugly thing
  7165 | D:7      | Found a transporter.
  7207 | D:7      | Reached skill level 7 in Hexes
  7518 | D:7      | Found Umokkabi's Gadget Boutique.
  7677 | D:7      | Found a staircase to the Ecumenical Temple.
  7806 | Temple   | Entered the Ecumenical Temple
  7926 | Temple   | Became a worshipper of Sif Muna the Loreminder
  8139 | D:7      | Found a transporter.
  8301 | D:7      | Found Zythein's Antique Weapon Shop.
  8391 | D:8      | Reached XP level 9. HP: 39/39 MP: 17/21
  8774 | D:8      | Noticed an unseen horror
  8788 | D:8      | Killed an unseen horror
  8788 | D:8      | Reached skill level 8 in Hexes
  9094 | D:8      | Found a sparkling altar of Nemelex Xobeh.
  9289 | D:8      | Noticed a two-headed ogre
  9303 | D:8      | Killed a two-headed ogre
  9303 | D:8      | Reached skill level 9 in Hexes
  9644 | D:8      | Reached XP level 10. HP: 44/44 MP: 16/24
  9942 | D:9      | Reached * piety under Sif Muna
 10569 | D:9      | Noticed a two-headed ogre
 10577 | D:9      | Killed a two-headed ogre
 10577 | D:9      | Reached skill level 10 in Spellcasting
 10878 | D:9      | Reached skill level 10 in Hexes
 11080 | D:9      | Found Acaqol's Antique Weapon Boutique.
 11184 | D:10     | Entered Level 10 of the Dungeon
 11187 | D:10     | Reached ** piety under Sif Muna
 11206 | D:10     | Reached skill level 1 in Invocations
 11211 | D:10     | Noticed Joseph
 11220 | D:10     | Killed Joseph
 11904 | D:10     | Reached XP level 11. HP: 47/47 MP: 12/26
 12262 | D:10     | Found a staircase to the Orcish Mines.
 12682 | D:10     | Learned a level 3 spell: Conjure Flame
 12686 | D:10     | Learned a level 3 spell: Inner Flame
 12692 | D:10     | Learned a level 5 spell: Iskenderun's Battlesphere
 13235 | D:11     | Reached skill level 1 in Fire Magic
 13280 | D:11     | Noticed a wizard
 13398 | D:11     | Noticed a two-headed ogre
 13414 | D:11     | Killed a two-headed ogre
 13826 | D:11     | Reached *** piety under Sif Muna
 13942 | D:11     | Reached skill level 11 in Hexes
 13969 | D:11     | Killed a wizard
 14198 | D:11     | Found a staircase to the Lair.
 14204 | D:11     | Noticed a large abomination
 14227 | D:11     | Killed a large abomination
 14390 | D:11     | Found the amulet of the Air {Inacc +Fly rElec EV+5 RMsl}
 14404 | D:11     | Identified The Intricacies of the Arcane Arts
 14640 | D:11     | Reached skill level 10 in Conjurations
 14853 | Lair:1   | Entered Level 1 of the Lair of Beasts
 14870 | D:11     | Reached skill level 5 in Invocations
 15134 | Lair:1   | Reached XP level 12. HP: 51/51 MP: 23/28
 15249 | Lair:1   | Noticed an eight-headed hydra
 15279 | Lair:1   | Killed an eight-headed hydra
 15923 | Lair:2   | Reached skill level 12 in Hexes
 16274 | Lair:2   | Reached **** piety under Sif Muna
 16785 | Lair:2   | Noticed Gastronok
 16803 | Lair:2   | Killed Gastronok
 17252 | Lair:3   | Reached skill level 1 in Short Blades
 17763 | Lair:3   | Reached skill level 1 in Fighting
 18070 | Lair:3   | Reached skill level 5 in Stealth
 18398 | Lair:3   | Reached skill level 5 in Dodging
 19603 | Lair:4   | Reached XP level 13. HP: 59/59 MP: 20/29
 19720 | Lair:4   | Found a staircase to the Snake Pit.
 20223 | Lair:4   | Found a staircase to the Shoals.
 21078 | Lair:4   | Reached ***** piety under Sif Muna
 21078 | Lair:4   | Identified Sif Muna's Grimoire of Flames and Combat Magic
                  | (Sif Muna gifted it to you on level 4 of the Lair of
                  | Beasts)
 21078 | Lair:4   | Received a gift from Sif Muna
 21162 | Lair:4   | Reached skill level 13 in Hexes
 21640 | Lair:4   | Identified a scroll of acquirement
 21641 | Lair:4   | Acquired the ring of the Final Chapter {rElec rC++ rN+
                  | Str+2 Int-5}
 22001 | Lair:5   | Reached skill level 5 in Short Blades
 22211 | Lair:6   | Entered Level 6 of the Lair of Beasts
 22289 | Lair:6   | HP: 2/61 [crocodile (9)]
 23369 | Lair:5   | Noticed Bodu's ghost (journeyman NaFi)
 23398 | Lair:5   | Found a transporter.
 23400 | Lair:5   | Found a transporter.
 23474 | Lair:5   | Found a runed translucent door.
 23476 | Lair:5   | Found a viscous altar of Jiyva.
 23476 | Lair:5   | Noticed an acid blob
 23478 | Lair:5   | Found a staircase to the Slime Pits.
 23479 | Lair:5   | Noticed an acid blob
 23501 | Lair:5   | Killed an acid blob
 23501 | Lair:5   | Reached XP level 14. HP: 35/67 MP: 26/30
 23512 | Lair:5   | Killed an acid blob
 23517 | Lair:5   | Noticed Josephine
 23549 | Lair:5   | Killed Josephine
 24313 | Lair:5   | Reached skill level 5 in Fighting
 24393 | Lair:5   | Reached skill level 10 in Stealth
 25755 | Lair:6   | Reached skill level 10 in Dodging
 26316 | Lair:6   | Got an ivory trident
 26578 | Lair:1   | Identified the +3 trident of Welfare {freeze, rC+++ Int+4
                  | Dex+3} (You found it on level 6 of the Lair of Beasts)
 26637 | Lair:1   | Learned a level 3 spell: Mephitic Cloud
 26642 | Lair:1   | Learned a level 4 spell: Iskenderun's Mystic Blast
 26648 | Lair:1   | Learned a level 5 spell: Fireball
 26734 | Orc:1    | Entered Level 1 of the Orcish Mines
 26811 | Orc:1    | Reached skill level 1 in Translocations
 26852 | Orc:1    | Found a flagged portal.
 26861 | Bailey   | Entered a bailey
 27152 | Bailey   | Identified Tyciach's Volume of Unholy Confrontation (Sif
                  | Muna gifted it to you in a bailey)
 27152 | Bailey   | Received a gift from Sif Muna
 27677 | Bailey   | Reached skill level 1 in Poison Magic
 27689 | Bailey   | Identified the +12 arbalest of Amenguam {venom, rPois rC+++
                  | Str-5 Int+4}
 27730 | Bailey   | Identified the cursed +1 plate armour "Tilaoth" {+Inv
                  | Str+2}
 28047 | Orc:1    | Noticed Sonja
 28057 | Orc:1    | Noticed Harold
 28070 | Orc:1    | Reached skill level 1 in Air Magic
 28070 | Orc:1    | Killed Sonja
 28075 | Orc:1    | Killed Harold
 28345 | Orc:1    | Found a roughly hewn altar of Beogh.
 28838 | Orc:2    | Entered Level 2 of the Orcish Mines
 28886 | Orc:2    | Found a dark tunnel.
 28903 | Orc:2    | Noticed a stone giant
 28906 | Volcano  | Entered a volcano
 29913 | Orc:2    | Identified Sif Muna's Tome of Arcane Weapons and Changing
                  | (Sif Muna gifted it to you on level 2 of the Orcish Mines)
 29913 | Orc:2    | Received a gift from Sif Muna
 29915 | Orc:2    | Killed a stone giant
 29927 | Orc:2    | Reached XP level 15. HP: 15/73 MP: 2/31
 29931 | Orc:2    | HP: 2/109 [troll (6)]
 30438 | Orc:2    | Noticed an orc warlord
 30468 | Orc:2    | Killed an orc warlord
 31005 | Orc:2    | Found a staircase to the Elven Halls.
 31226 | Orc:2    | Reached XP level 16. HP: 77/77 MP: 30/33
 31638 | Orc:2    | Reached skill level 5 in Translocations
 31789 | Orc:2    | Found Aleruhung's Antique Armour Boutique.
 31789 | Orc:2    | Found Goli's Weapon Shoppe.
 31795 | Orc:2    | Found Rieri's General Store.
 31795 | Orc:2    | Found Neotempe's Weapon Boutique.
 32157 | Snake:1  | Entered Level 1 of the Snake Pit
 32618 | Snake:1  | Noticed Donald
 32631 | Snake:1  | Killed Donald
 32631 | Snake:1  | Reached skill level 10 in Short Blades
 33149 | Snake:1  | You fall into a shaft and drop 1 floor!
 33150 | Snake:2  | Noticed Vashnia
 33435 | Snake:2  | Reached skill level 14 in Hexes
 33547 | Snake:2  | Noticed Nikola
 33566 | Snake:2  | Killed Nikola
 33676 | Snake:2  | Noticed Azrael
 33894 | Snake:2  | Killed by an exploding fulminant prism

Illustrated notes

Levels and vault maps discovered:
D:1:      dpeg_arrival_three_same_balls, layout_rooms, minmay_liquid_box
D:2:      mumra_celtic_spiral_tile, layout_basic
D:3:      layout_loops_ring, uniq_sigmund
D:4:      layout_basic, minitemple, serial_shops, shop_fountains,
          hangedman_decor_opposing, st_stairs_12, kennysheep_cross_bottleneck,
          uniq_ijyb, uniq_natasha
D:5:      layout_rooms
D:6:      layout_layer_cave, vehumet_altar_wand_db
D:7:      layout_loops_ring, gammafunk_temple_overflow_arena,
          minmay_temple_entry_junction_2, serial_shops,
          nicolae_shop_temple_entry_statues_fountains, nicolae_shop_crystal,
          nicolae_shop_crystal, minmay_quadrilaterals, uniq_pikel
D:8:      layout_basic, nemelex_xobeh_ov_fountains_minmay,
          roderic_serpentine_path, kennysheep_just_a_vault
D:9:      layout_rooms, serial_shops, shop
D:10:     layout_loops_cross, david_orc_1_choice, uniq_joseph
D:11:     lemuel_ogre_cave, layout_rooms, due_lair_maze_entry_diamond,
          laboratory
Temple:   dpeg_chambers_temple
Lair:1:   layout_long_grid, serial_bayou_pond_a
Lair:2:   layout_gridlike, st_stairs_13, uniq_gastronok
Lair:3:   layout_cave_pods, cheibrodos_lair_lostbears, serial_bayou_shore_b,
          infiniplex_staircase_pool_2
Lair:4:   regret_index_wax_grids, layout_gridlike, elwin_shoals_entry_rooms,
          minmay_snake_entry_guardpost_small, grunt_megastairs_3,
          infiniplex_staircase_pool
Lair:5:   layout_cave_pods, slime_altar_2, gammafunk_ghost_arena, dpeg_oklob_1,
          uniq_josephine
Lair:6:   gammafunk_lair_ancient_temple, layout_long_grid,
          minmay_stone_trees_small
Snake:1:  layout_gridlike, serial_shops, shop, lemuel_fruit_tree,
          serial_bayou_shore_b, uniq_donald, uniq_rupert
Snake:2:  nrook_guardian_serpent_snake_passage, layout_misc_corridors,
          portal_ice_cave_entry_pillars_three, uniq_vashnia, uniq_azrael,
          uniq_nikola
Orc:1:    layout_diamond_mine, enter_bailey_2, serial_shops, mines2_david,
          uniq_harold, uniq_sonja
Orc:2:    grunt_orc_tribal_feast, layout_diamond_mine, enter_volcano_3

Skill      XL: |  1  2  3  4  5  6  7  8  9 10 11 12 13 14 15 16 |
---------------+-------------------------------------------------+-----
Conjurations   | 3 4 5 6 8 9 10 11 | 11.4
Spellcasting   | 3 4 5 6 7 9 10 11 12 | 12.4
Hexes          | 1 4 5 6 7 9 10 11 12 13 14 | 14.2
Invocations    | 2 5 7 8 |  8.9
Fire Magic     | 3 4 |  4.6
Short Blades   | 3 6 9 10 | 10.0
Fighting       | 2 4 5 |  5.6
Stealth        | 5 9 11 | 11.6
Dodging        | 5 8 10 | 10.8
Translocations | 3 4 5 |  5.0
Poison Magic   | 2 3 |  3.0
Air Magic      | 2 3 |  3.0

Action                   |  1- 3 |  4- 6 |  7- 9 | 10-12 | 13-15 | 16-18 || total
-------------------------+-------+-------+-------+-------+-------+-------++-------
Melee: Dagger            |       |     1 |    24 |    23 |    46 |     2 ||    96
       Trident           |       |       |       |       |    26 |       ||    26
Throw: Throwing net      |       |       |       |       |     2 |       ||     2
 Cast: Magic Dart        |    74 |    58 |    99 |   223 |   360 |    65 ||   879
       Searing Ray       |     6 |    11 |    29 |   111 |   107 |     7 ||   271
       Fulminant Prism   |       |       |    13 |    73 |    71 |    13 ||   170
       Dazzling Flash    |       |       |     1 |     6 |       |       ||     7
       Conjure Flame     |       |       |       |    19 |    11 |     5 ||    35
       Inner Flame       |       |       |       |    16 |    20 |     5 ||    41
       Iskenderun's Batt |       |       |       |    18 |    57 |    16 ||    91
       Fireball          |       |       |       |       |    37 |    45 ||    82
       Iskenderun's Myst |       |       |       |       |    17 |       ||    17
       Mephitic Cloud    |       |       |       |       |     3 |       ||     3
Invok: Channel Magic     |       |       |       |     1 |       |     1 ||     2
 Abil: Evoke Flight      |       |       |       |       |     2 |       ||     2
       Stop Flying       |       |       |       |       |     1 |       ||     1
Evoke: Wand              |       |       |       |     6 |     5 |       ||    11
  Use: Scroll            |       |     1 |    12 |     8 |    14 |     6 ||    41
       Potion            |       |     1 |       |     1 |    12 |       ||    14
 Stab: Sleeping          |       |     1 |     2 |     1 |     9 |     2 ||    15
       Paralysed         |       |       |       |     1 |       |       ||     1
       Invisible         |       |       |       |       |     4 |       ||     4
       Confused          |       |       |       |       |     1 |       ||     1
Armor: Robe              |       |       |    12 |    18 |    27 |     3 ||    60
       Steam dragon scal |       |       |       |       |    13 |       ||    13
       Skin              |       |       |       |       |    10 |       ||    10
Dodge: Dodged            |     5 |    11 |    53 |   142 |   374 |    42 ||   627
       Repelled          |       |       |       |       |    22 |     2 ||    24

Table legend: (Time is in decaauts)
 A = Elapsed time spent in this place.
 B = Non-inter-level travel time spent in this place.
 C = Inter-level travel time spent in this place.
 D = Time resting spent in this place.
 E = Time spent auto-exploring this place.
 F = Levels seen in this place.
 G = Mean time per level.
                   A        B        C        D        E       F      G
               +--------+--------+--------+--------+--------+-----+--------+
         Total |  28664 |  27985 |    679 |  11376 |  11768 |  24 | 1194.3 |
       Dungeon |  12075 |  11707 |    368 |   3370 |   6758 |  11 | 1097.7 |
        Temple |    143 |    129 |     14 |      0 |    118 |   1 |  143.0 |
          Lair |  10194 |   9926 |    268 |   4447 |   3732 |   6 | 1699.0 |
     Snake Pit |   1598 |   1598 |      0 |    960 |    264 |   2 |  799.0 |
  Orcish Mines |   2769 |   2742 |     27 |   1362 |    718 |   2 | 1384.5 |
        Bailey |    982 |    982 |      0 |    577 |    132 |   1 |  982.0 |
       Volcano |    900 |    900 |      0 |    659 |     43 |   1 |  900.0 |
               +--------+--------+--------+--------+--------+-----+--------+

Top non-repeatable levels by time:
  Lair:4: 2538 daAuts
  Lair:5: 2427 daAuts
    D:11: 2103 daAuts
  Lair:6: 1769 daAuts
   Orc:2: 1561 daAuts
    D:10: 1484 daAuts
  Lair:3: 1459 daAuts
     D:3: 1288 daAuts
     D:8: 1285 daAuts
   Orc:1: 1208 daAuts
  Lair:2: 1109 daAuts
     D:9: 1066 daAuts
     D:4: 1006 daAuts
     D:7: 985 daAuts
  Bailey: 982 daAuts
